cohdb
Replays
Latest Replays
All Replays
Popular Replays
Top Player Replays
Match Explorer
How It Works
Community
CoH3 Stats
Reddit
Sign in to upload your games and track your stats! →
Sign in with Steam
Match 41048946
Unlisted
Match 41048946
Overview
Messages
Build Orders
End
Royal Engineer Section
Royal Engineer Section
Construct Section Command Post
Infantry Section
Infantry Section
Infantry Section
Selects Indian Artillery Battlegroup
Selects Artillery Saturation
Construct Platoon Command Post
Humber Armored Car
Selects Valour
Construct Field Infirmary
Selects Gurkha Rifles Section
Gurkha Rifles Section
6-pounder Anti-tank Gun Team
6-pounder Anti-tank Gun Team
Wolfe
Stana
0
0
Comments
sign in to comment!
No comments posted yet!